 Dungeon Crawl Stone Soup version 0.18.1-50-g88ac8fd (webtiles) character file.

471 Dfrag the Conjurer (level 6, -1/41 HPs)
             Began as a Demonspawn Conjurer on Feb 24, 2018.
             Slain by an adder (4 damage)
             ... on level 5 of the Dungeon.
             The game lasted 00:05:34 (3418 turns).

Dfrag the Conjurer (Demonspawn Conjurer)            Turns: 3418, Time: 00:05:35

Health: -1/41      AC:  8    Str:  8    XL:     6   Next: 83%
Magic:  0/13       EV: 12    Int: 19    God:
Gold:   208        SH:  0    Dex: 13    Spells: 3 memorised, 8 levels left

rFire  . . .     SeeInvis .     s - +0 scimitar
rCold  . . .     Gourm    .     a - +0 robe
rNeg   . . .     Faith    .     (no shield)
rPois  .         Spirit   .     m - +0 helmet
rElec  .         Dismiss  .     j - +0 cloak
rCorr  .         Reflect  .     t - +1 pair of gloves
SustAt .         Harm     .     p - +0 pair of boots
MR     .....                    (no amulet)
Stlth  ++........               (no ring)
                                (no ring)

@: flying, very slightly contaminated, hasted, very quick, not resistant to
hostile enchantments, unstealthy
A: hooves 1, molten scales 1, powered by death 1
a: no special abilities


You were on level 5 of the Dungeon.
You were hungry.

You visited 1 branch of the dungeon, and saw 5 of its levels.

You collected 208 gold pieces.

Inventory:

Hand Weapons
 s - a +0 scimitar (weapon)
Armour
 a - a +0 robe (worn)
 j - a +0 cloak (worn)
 m - a +0 helmet (worn)
 p - a +0 pair of boots (worn)
 t - a +1 pair of gloves (worn)
Scrolls
 f - 4 scrolls of identify {unknown}
 g - 4 scrolls of remove curse {unknown}
 i - 4 scrolls of teleportation {unknown}
 n - 2 scrolls of random uselessness {unknown}
 o - a scroll of recharging {unknown}
 r - a scroll of magic mapping {unknown}
 y - a scroll of fear {unknown}
 C - a scroll of enchant armour {unknown}
Potions
 e - 2 potions of flight
 h - a potion of might {unknown}
 l - a potion of mutation {unknown}
 q - a potion of degeneration {unknown}
 u - a potion of resistance {unknown}
 v - a potion of lignification {unknown}
 z - a potion of experience {unknown}
Books
 b - a book of Conjurations

   Spells                             Type                      Level
   a - Magic Dart                     Conjuration                  1
   b - Searing Ray                    Conjuration                  2
   c - Dazzling Spray                 Conjuration/Hexes            3
   d - Fulminant Prism                Conjuration/Hexes            4
   e - Iskenderun's Mystic Blast      Conjuration                  4
   f - Iskenderun's Battlesphere      Conjuration/Charms           5
Comestibles
 c - 4 bread rations
 k - 3 fruits
 w - a slice of pizza
 x - 3 beef jerkies
 A - a meat ration


   Skills:
 - Level 1.7 Dodging
 - Level 1.7 Stealth
 + Level 5.0 Spellcasting
 + Level 6.4 Conjurations


You had 8 spell levels left.
You knew the following spells:

 Your Spells              Type           Power        Failure   Level  Hunger
a - Magic Dart            Conj           ####         1%          1    None
b - Searing Ray           Conj           ####..       1%          2    #......
c - Iskenderun's Mystic   Conj           ####....     12%         4    ####...


Dungeon Overview and Level Annotations

Branches:
Dungeon (5/15)
 Temple: D:4-7

Altars:
Ashenzari
Dithmenos
Nemelex Xobeh


Innate Abilities, Weirdness & Mutations

You have large cloven feet.
You are partially covered in molten scales (AC +1).
You regenerate a little health from kills.


Message History

You fly up into the air.
The adder closely misses you.
Drink which item? (? for menu, Esc to quit)
It was a potion of haste.
You feel yourself speed up. The adder bites you.
* * * LOW HITPOINT WARNING * * *
The adder closely misses you.
You are very lightly contaminated with residual magic.
Unknown command.
There is a stone staircase leading up here.
Casting: Searing Ray
Confirm with . or Enter, or press ? or * to list all spells.
Aiming: Searing Ray
Press: ? - help, Shift-Dir - straight line, f - adder, p - phantom
Aim: an adder The searing ray hits the adder.
The adder is moderately wounded.
The searing ray hits the adder.
The adder is almost dead.
The adder closely misses you.
The searing ray misses the adder.
The adder bites you.
You die...

#.. #.. #... ##..#
.####...... ...###...#
.#......... ...#....
#... .......
#.....##.... .......
#........# #......
#......# #....#.
#.†....# ##.....#
#.@#.>.#####....#
#.S#......##...##
#.W............###?
###........####......
##...#.....#####.>....
##....#......##........
#.#...#..........######
##.....#..###....##
#......#..# ###..#


You could see a phantom and an adder.

Vanquished Creatures
  Sigmund (D:3)
  A giant frog zombie (D:5)
  A hound (D:4)
  Ijyb (D:3)
  Terence (D:3)
  A worker ant (D:4)
  A hound skeleton (D:4)
  Robin (D:2)
  5 gnolls
  3 adders
  An ooze (D:3)
  An adder skeleton (D:4)
  A worm (D:3)
  2 giant geckos
  2 orcs
  2 ball pythons
  4 bats
  2 giant cockroaches (D:3)
  12 goblins
  9 hobgoblins
  3 jackals (D:3)
  A quokka (D:3)
  A giant gecko skeleton (D:4)
  3 giant newts
  5 kobolds
  A quokka skeleton (D:5)
  A rat (D:3)
67 creatures vanquished.

Notes
Turn   | Place    | Note
--------------------------------------------------------------
     0 | D:1      | Dfrag the Demonspawn Conjurer began the quest for the Orb.
     0 | D:1      | Reached XP level 1. HP: 13/13 MP: 3/3
   449 | D:1      | Gained mutation: You have large cloven feet. [demonic ancestry]
   449 | D:1      | Reached XP level 2. HP: 10/19 MP: 0/5
   666 | D:1      | Learned a level 2 spell: Searing Ray
   699 | D:2      | Found a shadowy altar of Dithmenos.
   718 | D:2      | Noticed Robin
   821 | D:1      | Gained mutation: You are partially covered in molten scales (AC +1). [demonic ancestry]
   821 | D:1      | Reached XP level 3. HP: 15/24 MP: 1/7
   953 | D:2      | Killed Robin
  1210 | D:2      | Found a sparkling altar of Nemelex Xobeh.
  1678 | D:3      | Reached XP level 4. HP: 30/30 MP: 4/8
  1735 | D:3      | Noticed Ijyb
  1779 | D:3      | Killed Ijyb
  1779 | D:3      | Reached skill level 5 in Conjurations
  2013 | D:3      | Noticed Terence
  2019 | D:3      | Killed Terence
  2019 | D:3      | Reached XP level 5. HP: 34/35 MP: 4/10
  2359 | D:3      | Noticed Sigmund
  2425 | D:3      | Killed Sigmund
  2425 | D:3      | Reached skill level 6 in Conjurations
  2425 | D:3      | Gained mutation: You regenerate a little health from kills. [demonic ancestry]
  2425 | D:3      | Reached XP level 6. HP: 22/41 MP: 1/12
  2473 | D:3      | Found a shattered altar of Ashenzari.
  2544 | D:3      | Learned a level 4 spell: Iskenderun's Mystic Blast
  3345 | D:5      | Entered Level 5 of the Dungeon
  3370 | D:5      | Reached skill level 5 in Spellcasting
  3403 | D:5      | HP: 2/41 [adder (2)]
  3408 | D:5      | HP: 2/41 [adder (1)]
  3418 | D:5      | Slain by an adder

Skill      XL: |  1  2  3  4  5  6 |
---------------+-------------------+-----
Spellcasting   | 3 4 5 |  5.0
Conjurations   | 5 6 |  6.4
Dodging        | |  1.7
Stealth        | |  1.7

Action                   |  1- 3 |  4- 6 || total
-------------------------+-------+-------++-------
Melee: Unarmed           |    39 |       ||    39
       Kick              |     5 |       ||     5
       Scimitar          |     6 |    72 ||    78
 Cast: Magic Dart        |    50 |    18 ||    68
       Searing Ray       |     2 |    17 ||    19
  Use: Potion            |       |     2 ||     2
 Stab: Distracted        |       |     1 ||     1
  Eat: Chunk             |     2 |     6 ||     8
Armor: Robe              |    16 |    39 ||    55
Dodge: Dodged            |    38 |    84 ||   122
